 Dungeon Crawl Stone Soup version 0.32-a0-876-gcfddb08e57 (webtiles) character file.

Game seed: 17342169822462974436

4605 Gunch the Trooper (level 10, -2/88 HPs)
             Began as a White Draconian Warper on Mar 31, 2024.
             Was an Elder of Lugonu.
             Slain by a komodo dragon (25 damage)
             ... on level 9 of the Dungeon.
             The game lasted 00:28:23 (9929 turns).

Gunch the Trooper (White Draconian Warper)          Turns: 9929, Time: 00:28:24

Health: -2/88      AC: 12    Str: 14    XL:     10   Next: 19%
Magic:  9/16       EV: 13    Int: 16    God:    Lugonu [****..]
Gold:   417        SH:  4    Dex: 12    Spells: 8/17 levels left

rFire   . . .        a - +0 falchion
rCold   + . .        j - +0 buckler
rNeg    . . .        (body armour unavailable)
rPois   .            (helmet restricted)
rElec   .            h - +0 cloak
rCorr   .            s - +2 pair of gloves
SInv    .            d - +0 pair of boots
Will    .....        q - amulet of regeneration
Stlth   +            (no ring)
HPRegen 1.14/turn    (no ring)
MPRegen 0.15/turn

%: clarity
@: no status effects
A: glacial breath, AC +7, unfitting armour, cold resistance 1, cold-blooded,
clarity
a: Glacial Breath, Renounce Religion, Depart the Abyss, Banish, Corrupt


You were on level 9 of the Dungeon.
You worshipped Lugonu.
Lugonu was greatly pleased with you.
You visited 1 branch of the dungeon, and saw 9 of its levels.
You also visited: Sewer.

You collected 417 gold pieces.

Inventory:

Hand Weapons
 a - a +0 falchion (weapon)
Missiles
 p - 4 poisoned darts (quivered)
 u - 2 curare-tipped darts
 x - 4 darts of dispersal
Armour
 d - a +0 pair of boots (worn)
 h - a +0 cloak (worn)
 j - a +0 buckler (worn)
 s - a +2 pair of gloves (worn)
Jewellery
 q - an amulet of regeneration (around neck)
Wands
 e - a wand of mindburst (4)
Scrolls
 c - a scroll of poison
 f - 2 scrolls of butterflies
 l - a scroll of immolation
 m - 2 scrolls of noise
 n - 2 scrolls of blinking
 o - a scroll of acquirement {unknown}
 r - 10 scrolls of identify
 v - a scroll of revelation
Potions
 b - 2 potions of heal wounds {unknown}
 g - a potion of mutation
 i - 4 potions of enlightenment
 k - a potion of attraction


   Skills:
 + Level 7.8 Fighting
 + Level 5.7 Long Blades
 - Level 0.8 Throwing
 + Level 6.7 Dodging
 - Level 4.1 Shields
 - Level 4.2 Spellcasting
 + Level 7.5 Translocations
 + Level 4.2 Invocations


You had 8 spell levels left.
You knew the following spells:

 Your Spells              Type           Power      Damage    Failure   Level
a - Blink                 Tloc           54%        N/A       1%          2
b - Lesser Beckoning      Tloc           54%        N/A       1%          2
c - Teleport Other        Tloc           27%        N/A       3%          3
d - Momentum Strike       Conj/Tloc      30%        3d8       7%          2

Your spell library contained the following spells:

 Spells                   Type           Power      Damage    Failure   Level
 Apportation              Tloc           54%        N/A       1%          1
 Maxwell's Portable Pile  Tloc           27%        2d(9-18)  10%         4
 Passage of Golubria      Tloc           27%        N/A       10%         4
 Necrotise                Necr           12%        1d4       22%         1
 Slow                     Hex            12%        N/A       22%         1
 Sting                    Conj/Alch      12%        1d3       22%         1
 Summon Small Mammal      Summ           12%        N/A       22%         1
 Ensorcelled Hibernation  Hex/Ice        6%         N/A       32%         2
 Vhi's Electric Charge    Tloc/Air       30%        N/A       43%         4
 Confusing Touch          Hex            3%         N/A       54%         3
 Fugue of the Fallen      Necr           3%         N/A       54%         3
 Sigil of Binding         Hex            3%         N/A       54%         3
 Tukima's Dance           Hex            3%         N/A       54%         3
 Vampiric Draining        Necr           3%         2d6       54%         3
 Anguish                  Hex/Necr       1%         N/A       91%         4
 Yara's Violent Unravell  Hex/Alch       1%         3d3       99%         5
 Death Channel            Necr           1%         N/A       100%        6
 Sculpt Simulacrum        Ice/Alch       1%         N/A       100%        6


Dungeon Overview and Level Annotations

Branches:
Dungeon (9/15)             Temple (0/1) D:6            Lair (0/5) D:9
  Sewer (visited)
    Orc: D:9-12

Altars:
Dithmenos
Elyvilon
Gozag
Makhleb
Nemelex Xobeh
Qazlal
Trog
Uskayaw
Vehumet
Xom
Yredelemnul
Zin
The Shining One
Lugonu

Shops:
D:5 [


Innate Abilities, Weirdness & Mutations

You can breathe waves of cold which freeze foes solid.
Your icy white scales are hard. (AC +7)
You cannot fit into any form of body armour.
Your flesh is cold resistant. (rC+)
You are cold-blooded and may be slowed by cold attacks.
You possess an exceptional clarity of mind.


Message History

The wyvern is severely wounded.
The komodo dragon bites you!!
The wyvern bites you but does no damage.
The wyvern misses you.
The wyvern bites you but does no damage.
Casting: Teleport Other (mildly dangerous; 3% risk of failure)
Confirm with . or Enter, or press ? or * to list all spells.
You blink.
The wyvern bites you! The wyvern attacks as it pursues you!
The wyvern misses you.
There is a staircase to the Lair here.
Casting: Blink (safe; 1% risk of failure)
Confirm with . or Enter, or press ? or * to list all spells.
Aiming: Teleport Other (mildly dangerous; 3% risk of failure)
Press: ? - help, Shift-Dir - straight line, f/p - wyvern
Aim: a wyvern (severely wounded, chance to affect: 66%)
The wyvern looks slightly unstable.
The wyvern completely misses you. The komodo dragon barely misses you.
You block the wyvern's attack.
You hit the wyvern but do no damage.
The wyvern is severely wounded.
You feel ready to blink again. The wyvern completely misses you.
The komodo dragon closely misses you.
You hit the wyvern.
The wyvern is severely wounded.
The wyvern disappears!
The komodo dragon bites you.
You hit the komodo dragon. You tail-slap the komodo dragon.
The komodo dragon is lightly wounded.
The komodo dragon bites you but does no damage.
You hit the komodo dragon.
The komodo dragon is moderately wounded.
The komodo dragon bites you!!
* * * LOW HITPOINT WARNING * * *
Casting: Teleport Other (mildly dangerous; 3% risk of failure)
Confirm with . or Enter, or press ? or * to list all spells.
Aiming: Teleport Other (mildly dangerous; 3% risk of failure)
Press: ? - help, Shift-Dir - straight line, f - komodo dragon
Aim: a komodo dragon (moderately wounded, chance to affect: 49%)
The komodo dragon resists with some effort.
The komodo dragon bites you!!
You die... ####### ####### ##PPPPP## ......# #..PPPPP#

#####.######..P...P#
#...#....##.PP..@.P#
..#.####..#..P.l.PP#
..#.####.........PP#
>........##...(PPPP#
....#######....PPPP#
..#.# ##....PPP#
.##.# #.....PP#
....# ##....P##
'####### ##...##


You could see a komodo dragon.

Vanquished Creatures
  A two-headed ogre (D:7)
  Joseph (D:8)
  Prince Ribbit (D:7)
  A hornet (D:8)
  3 yaks (D:8)
  A steam dragon (D:7)
  Menkaure (D:7)
  An ice beast (D:6)
  An orc warrior (D:6)
  A black bear (D:7)
  An ogre (D:4)
  2 phantoms
  2 kobold brigands
  5 scorpions
  A bullfrog (Sewer)
  7 killer bees
  5 howler monkeys
  2 hounds (D:5)
  3 bombardier beetles
  5 jellies
  3 orc priests
  Jessica (D:2)
  6 iguanas
  A sleepcap (D:5)
  3 orc wizards
  16 gnolls
  11 adders
  A shadow imp (D:5)
  A white imp (D:6)
  4 ufetubi
  12 dart slugs
  A ribbon worm (D:2)
  20 orcs
  18 ball pythons
  6 bats
  13 endoplasms
  20 giant cockroaches
  6 goblins
  6 hobgoblins
  8 jackals
  A quokka (D:3)
  15 frilled lizards
  15 kobolds
  7 rats
240 creatures vanquished.

Notes
Turn   | Place    | Note
-------+----------+-------------------------------------------
     0 | D:1      | Gunch the Draconian Warper began the quest for the Orb.
     0 | D:1      | Reached XP level 1. HP: 17/17 MP: 3/3
   137 | D:1      | Reached XP level 2. HP: 24/25 MP: 5/5
   175 | D:1      | Learned a level 2 spell: Blink
   178 | D:1      | Learned a level 2 spell: Lesser Beckoning
   619 | D:1      | Reached XP level 3. HP: 29/30 MP: 6/6
  1320 | D:2      | Noticed Jessica
  1334 | D:2      | Killed Jessica
  1411 | D:2      | You fall into a shaft and drop 1 floor!
  1461 | D:2      | Reached XP level 4. HP: 38/38 MP: 7/7
  1465 | D:2      | Learned a level 3 spell: Teleport Other
  2651 | D:3      | Reached XP level 5. HP: 14/44 MP: 8/8
  3126 | D:4      | Reached skill level 1 in Shields
  3263 | D:4      | Reached XP level 6. HP: 36/52 MP: 9/9
  4028 | D:4      | Identified the +4 scale mail of Inference {rC++ Slay-3}
  4039 | D:4      | Found a shimmering altar of Xom.
  4043 | D:4      | Found a glowing golden altar of the Shining One.
  4048 | D:4      | Found a glowing silver altar of Zin.
  4091 | D:4      | Found a faded altar of an unknown god.
  4091 | D:4      | Found a faded altar of an unknown god.
  4123 | D:4      | Found a white marble altar of Elyvilon.
  4438 | D:4      | Found a radiant altar of Vehumet.
  4440 | D:4      | Found a stormy altar of Qazlal.
  4521 | D:4      | Prayed at the altar of an unknown god.
  4521 | D:4      | Became a worshipper of Lugonu the Unformed
  4521 | D:4      | Reached * piety under Lugonu
  4526 | D:4      | Learned a level 2 spell: Momentum Strike
  4601 | D:5      | Entered Level 5 of the Dungeon
  4607 | D:4      | Your scales start taking on an icy white colour.
  4607 | D:4      | Reached XP level 7. HP: 60/60 MP: 6/10
  4607 | D:4      | Gained mutation: Your flesh is cold resistant. (rC+) [White
                  | Draconian growth]
  4901 | D:5      | Found Latt's Armour Boutique.
  4972 | D:5      | Reached skill level 5 in Translocations
  5059 | D:5      | Reached skill level 5 in Fighting
  5260 | D:5      | Found a basalt altar of Yredelemnul.
  5485 | D:5      | Reached XP level 8. HP: 61/69 MP: 9/11
  5485 | D:5      | Reached ** piety under Lugonu
  5506 | D:5      | Gained mutation: You possess an exceptional clarity of
                  | mind. [potion of mutation]
  5506 | D:5      | Gained mutation: You have an increased reservoir of magic.
                  | (+10% MP) [potion of mutation]
  5506 | D:5      | Lost mutation: You have an increased reservoir of magic.
                  | (+10% MP) [potion of mutation]
  6017 | D:6      | Reached skill level 5 in Dodging
  6073 | D:6      | Found a staircase to the Ecumenical Temple.
  6258 | D:6      | Found a glowing drain.
  6262 | Sewer    | Entered a sewer
  6591 | Sewer    | Reached *** piety under Lugonu
  6987 | D:6      | Found a bloodstained altar of Trog.
  7035 | D:6      | Identified the +1 robe of Duty {Will+}
  7258 | D:7      | Noticed Prince Ribbit
  7283 | D:7      | Killed Prince Ribbit
  7284 | D:7      | Reached XP level 9. HP: 78/78 MP: 1/13
  7461 | D:7      | Reached skill level 1 in Invocations
  7473 | D:7      | Noticed Menkaure
  7474 | D:7      | Noticed a two-headed ogre
  7582 | D:7      | Killed Menkaure
  8163 | D:7      | Killed a two-headed ogre
  8163 | D:7      | Reached **** piety under Lugonu
  8164 | D:7      | Reached skill level 5 in Long Blades
  8664 | D:8      | Found a burning altar of Makhleb.
  8754 | D:8      | Noticed Joseph
  8942 | D:8      | Found an opulent altar of Gozag.
  8947 | D:8      | Found a hide-covered altar of Uskayaw.
  8948 | D:8      | Found a shadowy altar of Dithmenos.
  9067 | D:8      | Reached XP level 10. HP: 79/80 MP: 16/16
  9261 | D:7      | HP: 4/85 [poisoned by a killer bee]
  9604 | D:8      | Killed Joseph
  9827 | D:9      | Identified the serpent talisman of Trumpets {+Blink rN+
                  | Str-5}
  9871 | D:9      | Found a sparkling altar of Nemelex Xobeh.
  9900 | D:9      | Found a staircase to the Lair.
  9929 | D:9      | Slain by a komodo dragon

Illustrated notes

Levels and vault maps discovered:
D:1:      wheals_arrival_linesprint, layout_basic
D:2:      layout_basic, uniq_jessica
D:3:      kennysheep_big_flooded_room, layout_rooms
D:4:      layout_loops_ring, chequers_temple_overflow_minitemple,
          grunt_temple_overflow_diamond, minivault_23
D:5:      layout_cave_pools, mainiacjoe_overflow_tiny_flanked, serial_shops,
          nicolae_shop_waterfront
D:6:      layout_cave_pools, trog_butcher_becter, temple_pool_b,
          mainiacjoe_sewer_entry_somewhere_in_here_2
D:7:      layout_basic, uniq_menkaure, uniq_prince_ribbit1
D:8:      layout_loops_ring, mainiacjoe_overflow_boulevard, minitemple,
          uniq_joseph
D:9:      layout_basic, mainiacjoe_overflow_alcove_4, mainiacjoe_overflow_paths,
          david_lair_shrubbed, hangedman_abyss_or_decor_stagger, uniq_erica,
          uniq_pikel, uniq_harold

Skill      XL: |  1  2  3  4  5  6  7  8  9 10 |
---------------+-------------------------------+-----
Fighting       | 3 4 5 6 7 |  7.8
Long Blades    | 3 4 5 |  5.7
Dodging        | 3 4 5 6 |  6.7
Shields        | 1 2 3 4 |  4.1
Translocations | 4 5 6 7 |  7.5
Spellcasting   | 3 4 |  4.2
Invocations    | 3 4 |  4.2
Throwing       | |  0.8

Action                     |  1- 3 |  4- 6 |  7- 9 | 10-12 || total
---------------------------+-------+-------+-------+-------++-------
  Melee: Falchion          |   100 |   117 |       |    23 ||   240
         Tailslap          |     5 |    25 |    54 |    13 ||    97
         Whip              |       |    94 |   467 |    56 ||   617
  Throw: Dart              |    32 |    47 |   160 |    21 ||   260
   Cast: Lesser Beckoning  |     1 |     3 |     3 |       ||     7
         Blink             |       |     3 |     6 |     2 ||    11
         Teleport Other    |       |     2 |    16 |     8 ||    26
         Momentum Strike   |       |     1 |     2 |       ||     3
Ability: Glacial Breath    |       |       |     6 |       ||     6
  Evoke: Wand              |       |       |       |    15 ||    15
    Use: Scroll            |     1 |       |     8 |     3 ||    12
         Potion            |       |     5 |     7 |       ||    12
   Stab: Distracted        |       |       |       |     1 ||     1
 Armour: Skin              |    70 |   139 |   471 |    93 ||   773
  Dodge: Dodged            |    62 |   136 |   350 |   105 ||   653
  Block: Buckler           |       |    17 |   123 |    34 ||   174

Table legend: (Time is in decaauts)
 A = Elapsed time spent in this place.
 B = Non-inter-level travel time spent in this place.
 C = Inter-level travel time spent in this place.
 D = Time resting spent in this place.
 E = Time spent auto-exploring this place.
 F = Levels seen in this place.
 G = Mean time per level.
                   A        B        C        D        E       F      G
               +--------+--------+--------+--------+--------+-----+--------+
         Total |  10170 |   9669 |    501 |    412 |   6859 |  10 | 1017.0 |
       Dungeon |   9555 |   9054 |    501 |    412 |   6589 |   9 | 1061.7 |
         Sewer |    615 |    615 |      0 |      0 |    269 |   1 |  615.0 |
               +--------+--------+--------+--------+--------+-----+--------+

Top non-repeatable levels by time:
     D:4: 1683 daAuts
     D:7: 1517 daAuts
     D:1: 1317 daAuts
     D:5: 1280 daAuts
     D:8: 1040 daAuts
     D:2: 1007 daAuts
     D:6: 815 daAuts
     D:3: 784 daAuts
   Sewer: 615 daAuts
     D:9: 109 daAuts
